Map: Pylon LE

Players

LigerMaNN

  • Race: Zerg Zerg
  • League: Diamond
  • Spawn Location: 11:00

Skipper - Winner!

  • Race: Terran Terran
  • League: Diamond
  • Spawn Location: 5:00

VOD

Have the link to the VOD?

Description

Time

  • Played on: June 4, 2025, 4:07 p.m.
  • Length: 19:21
Show
View Real Time Build Order
Export as new Build Order

LigerMaNN Zerg 

Build Orders: Hatch First 

Get SALT Encoding   

  12  0:06  Drone  
  13  0:16  Overlord  
  13  0:17  Drone  
  14  0:34  Drone x2  
  16  0:39  Drone  
  17  0:51  Hatchery  
  17  0:55  Drone  
  17  1:00  Drone  
  18  1:10  Extractor  
  17  1:16  Spawning Pool  
  17  1:18  Drone  
  17  1:23  Drone  
  19  1:32  Drone  
  19  1:43  Overlord  
  19  2:05  Zergling x6, Queen  
  19  2:06  Queen  
  26  2:17  Drone x2  
  26  2:19  Metabolic Boost  
  28  2:26  Drone  
  28  2:27  Drone  
  29  2:47  Hatchery  
  28  2:52  Overlord  
  28  2:53  Drone  
  28  2:58  Pneumatized Carapace  
  29  3:04  Drone x2  
  31  3:05  Drone  
  32  3:15  Queen  
  32  3:19  Drone  
  35  3:21  Drone  
  35  3:24  Drone  
  35  3:25  Drone  
  38  3:28  Drone  
  39  3:35  Drone  
  39  3:36  Drone x2  
  39  3:39  Zergling x2  
  43  3:44  Lair  
  43  3:56  Overlord  
  43  3:58  Queen  
  44  4:06  Zergling x10  
  49  4:24  Queen  
  51  4:39  Drone x2, Roach Warren  
  51  4:40  Drone x5  
  57  5:02  Overlord x4  
  57  5:03  Overlord  
  57  5:17  Overlord x4  
  57  5:18  Overlord x6  
  50  5:30  Zergling x6  
  53  5:44  Zergling x14  
  58  5:53  Drone  
  58  5:54  Drone x2  
  61  5:59  Queen  
  63  6:05  Drone  
  63  6:06  Drone x2, Extractor x2  
  63  6:10  Queen  
  66  6:12  Extractor  
  66  6:13  Extractor  
  66  6:15  Spire  
  66  6:18  Evolution Chamber  
  62  6:21  Drone, Evolution Chamber  
  62  6:22  Drone x3  
  62  6:23  Baneling Nest  
  52  6:47  Spore Crawler  
  52  6:49  Overseer  
  47  6:56  Drone x10  
  52  7:12  Queen x3  
  47  7:26  Drone x6  
  47  7:29  Drone  
  49  7:48  Queen x2  
  53  7:56  Drone x9  
  58  8:02  Spore Crawler  
  58  8:04  Spore Crawler  
  55  8:09  Zerg Melee Weapons Level 1, Zerg Ground Armor Level 1, Spore Crawler  
  55  8:10  Zerg Flyer Weapons Level 1  
  54  8:23  Overlord x4  
  54  8:30  Queen  
  54  8:33  Queen  
  58  8:38  Centrifugal Hooks  
  56  8:43  Drone x3  
  56  8:45  Drone x3  
  62  8:55  Extractor  
  61  9:03  Drone x11  
  72  9:18  Drone x3, Extractor  
  74  9:25  Drone x2, Hatchery  
  74  9:30  Drone x7  
  82  9:31  Drone  
  83  9:52  Mutalisk x4  
  83  9:53  Mutalisk x3  
  83  9:54  Mutalisk  
  83  9:58  Overseer  
  99  10:07  Zerg Melee Weapons Level 2  
  99  10:10  Drone x7  
  98  10:32  Drone x11  
  98  10:33  Drone  
  110  10:56  Drone x11  
  119  11:00  Extractor  
  119  11:01  Extractor, Spore Crawler  
  119  11:02  Spore Crawler  
  115  11:04  Spore Crawler  
  115  11:05  Drone, Spore Crawler  
  115  11:06  Drone x2  
  115  11:07  Drone x4  
  115  11:08  Drone x2, Spine Crawler  
  115  11:09  Spine Crawler  
  120  11:14  Zerg Ground Armor Level 2  
  113  11:18  Infestation Pit  
  102  11:26  Drone x2  
  102  11:27  Drone x6  
  89  11:43  Drone  
  89  11:44  Drone x8  
  96  11:53  Drone x7  
  101  12:19  Queen  
  101  12:21  Drone  
  101  12:22  Drone x2  
  106  12:26  Spine Crawler  
  106  12:27  Drone  
  106  12:28  Drone x5, Spine Crawler  
  110  12:49  Zergling x30  
  125  12:52  Zerg Missile Weapons Level 1  
  125  12:54  Hive  
  111  13:06  Zergling x8  
  111  13:08  Baneling x10  
  111  13:09  Baneling x20  
  111  13:23  Zergling x12  
  111  13:24  Zergling x12  
  123  13:28  Overseer  
  123  13:29  Overseer x3  
  123  13:48  Spore Crawler  
  123  13:49  Drone, Spore Crawler  
  123  13:50  Drone x7, Spore Crawler x2  
  123  13:51  Drone, Spore Crawler  
  127  13:57  Mutalisk x10  
  127  14:01  Zerg Flyer Weapons Level 2  
  147  14:09  Spine Crawler  
  128  14:11  Spine Crawler  
  128  14:14  Zergling x14  
  128  14:15  Zergling x8  
  128  14:19  Zergling x2  
  128  14:24  Mutalisk x4  
  136  14:44  Mutalisk x15  
  136  15:03  Mutalisk, Viper  
  136  15:04  Mutalisk x4  
  115  15:29  Zergling x22  
  126  15:39  Hatchery  
  110  16:13  Adrenal Glands  
  103  16:19  Overseer  
  103  16:20  Overseer  
  101  16:35  Mutalisk  
  101  16:36  Mutalisk x13  
  101  16:38  Spine Crawler  
  128  16:41  Spine Crawler  
  127  16:59  Ultralisk Cavern  
  112  17:15  Zergling x2  
  112  17:16  Zergling x26  
  112  17:18  Queen  
  112  17:21  Drone, Queen  
  113  17:41  Zergling x20  
  113  17:43  Baneling  
  113  17:44  Baneling x20  
  119  17:46  Zergling x2  
  120  17:52  Chitinous Plating  
  120  18:03  Hatchery  
  119  18:17  Hatchery  
  118  18:20  Drone x7  
  118  18:22  Drone  
  118  18:24  Drone  
  118  18:26  Drone  
  128  18:29  Drone  
  129  18:46  Extractor  
  128  18:49  Extractor  
Show
View Real Time Build Order
Export as new Build Order

Skipper Terran - Winner!

Build Orders: Hellion Banshee 

Get SALT Encoding   

  12  0:01  SCV  
  13  0:14  SCV  
  14  0:18  Supply Depot  
  14  0:28  SCV  
  15  0:37  Refinery  
  15  0:40  SCV  
  16  0:44  Barracks  
  16  0:53  SCV  
  17  1:05  SCV  
  18  1:17  SCV  
  20  1:32  Reaper  
  20  1:38  Command Center  
  20  1:43  Orbital Command  
  20  1:57  Factory  
  20  2:05  Refinery  
  20  2:11  SCV  
  21  2:18  Barracks Reactor  
  21  2:19  Supply Depot  
  21  2:24  SCV  
  22  2:53  Starport  
  22  2:55  Orbital Command  
  22  3:01  SCV  
  23  3:08  Hellion x2  
  27  3:13  SCV  
  28  3:20  Barracks Tech Lab  
  28  3:25  SCV  
  29  3:27  Supply Depot  
  29  3:29  SCV  
  30  3:35  Hellion x2  
  30  3:37  SCV  
  30  3:41  Supply Depot  
  35  3:46  SCV  
  35  3:48  Barracks Tech Lab  
  36  3:49  Banshee, SCV  
  40  3:58  SCV  
  40  4:00  Supply Depot  
  41  4:12  Starport  
  41  4:16  Refinery  
  41  4:18  Refinery  
  41  4:19  Marine  
  41  4:22  Hellion x2  
  46  4:26  Supply Depot  
  46  4:32  Hyperflight Rotors, Armory  
  46  4:38  Supply Depot  
  46  4:50  Banshee  
  46  4:52  Cloaking Field  
  49  4:55  SCV  
  49  4:57  SCV  
  48  5:07  SCV  
  48  5:10  Banshee  
  48  5:13  SCV  
  53  5:14  Barracks Tech Lab  
  53  5:16  Hellion x2  
  55  5:30  SCV  
  56  5:37  Hellion  
  52  5:52  Banshee  
  52  5:53  Banshee  
  52  5:56  Command Center  
  56  5:59  Command Center  
  56  6:07  Engineering Bay  
  56  6:08  Terran Vehicle Weapons Level 1  
  56  6:21  Factory  
  49  6:49  Factory  
  49  6:55  Viking  
  49  6:56  Viking  
  50  7:09  SCV  
  50  7:10  SCV  
  52  7:21  Missile Turret, Factory Tech Lab  
  52  7:26  Missile Turret  
  52  7:28  Missile Turret  
  52  7:29  Banshee x2  
  58  7:30  Missile Turret  
  58  7:32  Missile Turret  
  57  7:45  Hellion x2  
  57  7:49  Factory Tech Lab  
  59  8:06  Hellion  
  59  8:07  Siege Tank x2  
  67  8:16  SCV  
  67  8:18  Missile Turret x2  
  68  8:21  Missile Turret  
  68  8:26  SCV  
  69  8:36  Hellion  
  69  8:39  Siege Tank  
  74  8:43  SCV  
  74  8:47  Terran Vehicle And Ship Armor Level 1  
  75  8:50  Hellion x2  
  79  9:03  Infernal Pre-Igniter  
  79  9:04  SCV  
  80  9:12  Planetary Fortress  
  80  9:13  SCV  
  81  9:23  Missile Turret  
  81  9:25  Refinery  
  81  9:27  Missile Turret  
  81  9:28  Missile Turret, SCV, Refinery  
  82  9:31  Missile Turret, Planetary Fortress  
  82  9:32  Missile Turret x2  
  82  9:34  SCV  
  83  9:48  SCV  
  83  9:52  Factory  
  84  9:55  Factory  
  85  10:07  SCV  
  85  10:10  SCV x2  
  87  10:27  SCV  
  88  10:32  Missile Turret  
  88  10:34  Missile Turret x2  
  88  10:35  Missile Turret  
  88  10:36  Missile Turret  
  88  10:37  Refinery, Viking  
  88  10:38  Viking, Factory Tech Lab, Refinery  
  88  10:39  Factory Tech Lab  
  92  10:45  SCV  
  91  10:51  SCV  
  90  10:57  Sensor Tower  
  90  11:01  Thor x2, Missile Turret  
  90  11:02  Missile Turret  
  102  11:07  Viking  
  102  11:08  SCV x3  
  102  11:09  SCV  
  108  11:20  SCV  
  106  11:27  Thor  
  102  11:37  Viking x2  
  104  11:48  SCV  
  104  11:49  SCV  
  104  11:54  SCV  
  107  11:56  Missile Turret  
  107  11:57  SCV  
  107  12:01  SCV x2  
  110  12:09  Thor  
  110  12:11  Terran Vehicle Weapons Level 2  
  116  12:19  Armory  
  116  12:24  Factory Tech Lab  
  116  12:25  Supply Depot x2  
  116  12:29  Missile Turret  
  116  12:30  Missile Turret  
  116  12:31  Hi-Sec Auto Tracking  
  116  12:36  Sensor Tower  
  116  12:41  SCV  
  116  12:44  SCV  
  116  12:46  SCV  
  116  12:50  Missile Turret  
  117  12:51  Viking x2  
  117  12:53  Missile Turret  
  108  13:18  Hellion x3, Siege Tank  
  119  13:25  SCV  
  119  13:26  Command Center  
  120  13:27  Terran Vehicle And Ship Armor Level 2  
  118  13:38  Starport Tech Lab  
  118  13:42  Missile Turret  
  118  13:45  Missile Turret x2  
  118  13:46  Factory Tech Lab  
  118  13:47  SCV  
  119  13:52  Missile Turret  
  119  13:57  SCV x3  
  119  13:59  SCV  
  119  14:02  Siege Tank x2  
  129  14:05  Missile Turret  
  127  14:21  Command Center  
  127  14:30  Supply Depot  
  127  14:31  Supply Depot  
  127  14:32  Supply Depot  
  127  14:37  SCV  
  104  15:11  Hellion  
  104  15:12  Hellion x2  
  104  15:13  Viking x2  
  108  15:28  Orbital Command  
  95  15:30  Missile Turret x2  
  95  15:34  Thor  
  95  15:35  Thor x2  
  107  15:39  Hellion  
  107  15:40  Hellion x2  
  113  15:43  Viking  
  113  15:44  Orbital Command  
  113  15:48  Missile Turret  
  115  15:53  Missile Turret  
  112  16:01  Hellion  
  108  16:13  Thor  
  108  16:17  Thor  
  108  16:18  Siege Tank  
  119  16:24  Viking x2  
  123  16:27  SCV  
  124  16:41  Sensor Tower  
  124  16:42  Missile Turret  
  124  16:43  Missile Turret  
  122  17:03  Hellion  
  122  17:04  Hellion  
  122  17:06  SCV x2  
  122  17:07  SCV  
  121  17:09  Viking x2, SCV  
  126  17:17  Starport  
  126  17:18  Starport, SCV  
  126  17:19  SCV  
  126  17:41  Missile Turret  
  126  17:43  Missile Turret x3  
  126  17:46  Missile Turret  
  126  17:48  SCV  
  127  17:53  SCV  
  127  17:55  Sensor Tower  
  127  17:58  SCV  
  129  17:59  SCV  
  129  18:02  Armory  
  129  18:03  Viking x3  
  129  18:04  Viking, SCV  
  139  18:09  Hellion  
  139  18:12  SCV x2  
  143  18:32  Siege Tank  
  143  18:33  Missile Turret, Viking  
  148  18:34  Missile Turret x4  
  148  18:35  Missile Turret  
  148  18:36  Missile Turret  
  148  18:37  SCV  
  148  18:38  Orbital Command  
  149  18:54  SCV  
  150  18:57  Hellion  
  150  19:00  SCV  
Tags
 
Composition
Hellion Banshee
Matchup
TvZ
Replay Pack
June 2025
Spawn Locations
Cross Positions
Add a new tag
Caveats
  • Supply blocks, unpowered buildings, or Contaminate may cause inaccurate times.
  • Supply counts are checked every 10 seconds.